[Event "*** SCC Grand Prix: Titled Tuesday Blitz"]
[Site "Chess.com"]
[Date "2020.09.08"]
[Round "3"]
[White "Ermito2020"]
[Black "GM_Levan_Pantsulaia"]
[Result "1/2-1/2"]
[WhiteElo "2634"]
[BlackElo "2859"]
[TimeControl "180+1"]
[EndTime "10:30:39 PDT"]
[Termination "Game drawn by repetition"]

1. e4 c6 2. d4 d5 3. e5 Bf5 4.
Nf3 e6 5. Be2 Nd7 6. O-O Ne7 7. Nbd2 Ng6 8. Nb3 f6 9. Ne1 h5 10. f4 h4 11. Bd3 Ne7 12. Qe2 Kf7 13. Bd2 Rc8 14. Bb4 Bxd3 15. Nxd3 Nf5 16. Bxf8 Nxf8 17.
Rae1 b6 18. c3 Qe7 19. Nd2 c5 20. Nf3 c4 21. Nf2 b5 22. Ng4 a5 23. exf6 gxf6 24. Ne3 Ng6 25. Ne5+ fxe5 26. Nxf5 exf5 27. fxe5 Qg5 28.
Qf3 Ke6 29. Re2 Rhg8 30. Ref2 Ne7 31. Qe2 Rg7 32. Kh1 Rcg8 33. h3 Qh6 34. Qc2 Rg5 35. b3 Qg6 36. bxc4 bxc4 37. Rb1 Kf7 38. Re1 Qe6 39.
Qa4 Rg3 40. Qc2 R8g5 41. Ref1 Kg7 42. Re2 Ng6 43. Ref2 f4 44. Qd2 f3 45. Rxf3 Rxg2 46. Qxg2 Rxg2 47. Kxg2 Qb6 48. R1f2 Qb1 49. Rf6 Qe4+ 50.
Kh2 a4 51. Rf7+ Kh6 52. R7f6 Kg5 53. Rg2+ Kh5 54. Rfxg6 Qf4+ 55. Kh1 Qf1+ 56. Kh2 Qf4+ 57. Kg1 Qc1+ 58. Kh2 Qf4+ 1/2-1/2

[Event "*** SCC Grand Prix: Titled Tuesday Blitz"]
[Site "Chess.com"]
[Date "2020.09.08"]
[Round "3"]
[White "Bastiandash"]
[Black "DrMamaliga"]
[Result "1/2-1/2"]
[WhiteElo "2406"]
[BlackElo "2197"]
[TimeControl "180+1"]
[EndTime "10:30:39 PDT"]
[Termination "Game drawn by repetition"]

1. e4 e5 2. Nf3 Nc6 3. d4 exd4 4. Nxd4 Nf6 5. Nxc6 bxc6 6. Nc3 Bb4 7. Bd3 d5 8. exd5 O-O 9. O-O cxd5 10. Bg5 c6 11. h3 h6 12. Bh4 Be7 13. Re1 Be6 14. Na4 Re8 15. Qf3 Qa5 16. b3 Qb4 17. Bg3 Rad8 18. Rad1 d4 19. Qxc6 Bd5 20. Qc7 Nh5 21.
Be2 Nxg3 22. Qxg3 Bd6 23. Qd3 Be5 24. Nb2 Bf6 25. Qd2 Qb7 26. Bf1 Bg5 27. Qd3 Bf6 28.
Nc4 Qc6 29. a4 Be4 30. Qd2 h5 31. f3 Bd5 32. Qf2 Bg5 33. Bd3 Be3 34. Nxe3 dxe3 35. Rxe3 Rxe3 36. Qxe3 Re8 37. Qf2 Qc3 38. Rf1 a5 39.
Qg3 Bxb3 40. cxb3 Qxd3 41. Qf2 Qxb3 42. Qa7 Qb4 43. Qd7 Qb6+ 44. Kh1 Re2 45. Qd1 Qe3 46. Qd8+ Kh7 47. Qd1 Rd2 48. Qc1 Qe2 49. Rg1 Qf2 50. Qb1+ g6 51. Qb5 Kg7 52. Qxa5 Qe2 53. Qc3+ Kh7 54. a5 Rd1 55. Qc5 Rxg1+ 56. Qxg1 Qa2 57. Qc5 Qa1+ 58. Kh2 Qa4 59. Qb6 Qf4+ 60. Kg1 Qc1+ 61. Kf2 Qd2+ 62. Kg3 Qg5+ 63. Kf2 Qd2+ 64. Kf1 Qd1+ 65.
Kf2 Qd2+ 1/2-1/2

[Event "*** SCC Grand Prix: Titled Tuesday Blitz"]
[Site "Chess.com"]
[Date "2020.09.08"]
[Round "3"]
[White "MarceloPlaya"]
[Black "Beltraxtor"]
[Result "0-1"]
[WhiteElo "2367"]
[BlackElo "2569"]
[TimeControl "180+1"]
[EndTime "10:30:41 PDT"]
[Termination "Beltraxtor won on time"]

1. e4 c5 2. Nf3 e6 3. d4 cxd4 4.
Nxd4 Nc6 5. Nc3 Qc7 6. Be3 a6 7.
Qd2 Nf6 8. f3 b5 9. O-O-O Bb7 10.
Kb1 Be7 11. g4 O-O 12. h4 b4 13. Nce2 Nxd4 14. Nxd4 d5 15. g5 Nh5 16. exd5 Bxd5 17. Bd3 Rfd8 18. Qf2 Nf4 19. Ne2 Nxd3 20. Rxd3 Bxa2+ 21. Kxa2 Qxc2 22. Rb3 Rd3 23. Nd4 Qxf2 24. Bxf2 Rd2 25.
Be3 Rg2 26. Nc6 Bd6 27. Nxb4 a5 28. Nd3 a4 29. Rb6 Bf8 30. Bc5 a3 31. Kb1 axb2 32.
Rxb2 Rxb2+ 33. Kxb2 Rd8 34. Kc3 Rxd3+ 35. Kxd3 Bxc5 36. Rc1 Bf8 37. Rc8 g6 38. Ke4 Kg7 39.
Rc1 Bd6 40. Rh1 h6 41. gxh6+ Kxh6 42. Rd1 Bg3 43. Rd7 f5+ 44. Ke3 Bxh4 45. Rd6 e5 46. Re6 Bg3 47. Ke2 Kg5 48. Kf1 Bf4 49. Kg2 Kh5 50. Re8 Kh6 51. Re7 g5 52. Re6+ Kg7 53.
Ra6 Kf7 54. Rc6 Ke7 55. Ra6 Be3 56. Rc6 Kf7 57. Ra6 Bc5 58. Rc6 Bd4 59. Ra6 Ke7 0-1

[Event "*** SCC Grand Prix: Titled Tuesday Blitz"]
[Site "Chess.com"]
[Date "2020.09.08"]
[Round "3"]
[White "latixxa"]
[Black "dopolian"]
[Result "0-1"]
[WhiteElo "2127"]
[BlackElo "2474"]
[TimeControl "180+1"]
[EndTime "10:30:41 PDT"]
[Termination "dopolian won by resignation"]

1. c4 Nf6 2. Nc3 e6 3. d4 d5 4. cxd5 exd5 5. Bg5 Be7 6. e3 O-O 7. Bd3 Nbd7 8. Nge2 c6 9. Ng3 Re8 10. Nf5 Bf8 11.
Qf3 h6 12. h4 Qb6 13. O-O-O Re6 14. g4 Bb4 15. Bxf6 Bxc3 16. bxc3 Nxf6 17. g5 Ne4 18. Bxe4 dxe4 19. Qg3 h5 20. g6 fxg6 21. Rhg1 Qa5 22.
Kd2 Qxf5 23. Rdf1 Re8 24. f3 Be6 25. fxe4 Qxe4 26. Rf4 Qd5 27. Qxg6 Qxa2+ 28. Kc1 Bg4 29. Rfxg4 hxg4 30. Rxg4 Qf7 31. Qg5 Re6 32. h5 Rae8 33. Rg3 Qf6 34. Qg4 Qf1+ 35. Kd2 Qf2+ 36. Kd1 Qf6 37.
Kd2 a5 38. h6 Qxh6 39. Rh3 Qg6 40. Qf4 Rf6 41. Qh4 a4 42. Qh8+ Kf7 43. Qh4 a3 44.
Rh1 a2 45. Ra1 Qb1 46. Qh1 Qxh1 47. Rxh1 Ra8 48. Ra1 Rf1 49. Rxf1+ Ke6 50. Ra1 g5 51. Kd3 g4 52. e4 b5 53. Ke3 c5 54. dxc5 Ke5 55. Kf2 Ra3 56. Kg3 Rxc3+ 57. Kxg4 Rc2 58. Kg3 Kxe4 59. Kg4 Kd5 60. c6 Kxc6 61. Kf4 b4 62. Ke3 b3 63. Kd3 Rc5 64. Rh1 b2 65. Rh6+ Kb5 66.
Rh8 b1=Q+ 0-1

[Event "*** SCC Grand Prix: Titled Tuesday Blitz"]
[Site "Chess.com"]
[Date "2020.09.08"]
[Round "3"]
[White "GMKrikor"]
[Black "Firouzja2003"]
[Result "1-0"]
[WhiteElo "2707"]
[BlackElo "2979"]
[TimeControl "180+1"]
[EndTime "10:30:44 PDT"]
[Termination "GMKrikor won by resignation"]

1. e4 c5 2. Nf3 e6 3. d4 cxd4 4.
Nxd4 Nc6 5. Nc3 Qc7 6. Be3 a6 7.
Qd2 Nf6 8. f3 Be7 9. O-O-O O-O 10.
g4 b5 11. g5 Ne8 12. h4 b4 13. Na4 Bb7 14. Kb1 Ne5 15. Be2 d5 16. Bf4 dxe4 17.
Qe3 Qa5 18. b3 exf3 19. Nxf3 Nxf3 20. Bxf3 Bxf3 21. Qxf3 Nc7 22. Rhe1 Nb5 23. Bc1 Rac8 24. Rd7 Nc3+ 25. Nxc3 Rxc3 26. Qb7 Bd8 27. Bb2 Rc7 28. Rxc7 Qxc7 29. Qxb4 Qg3 30. Rd1 f6 31. Qe4 Qh3 32. Ba3 Re8 33. Qc6 Kf7 34. Rxd8 Rxd8 35. Qc7+ Kg6 36.
Qxd8 Qh1+ 37. Kb2 Qxh4 38. gxf6 gxf6 39. Qe8+ Kf5 40. Bc5 Qh2 41. Bb4 h5 42. Bc3 e5 43.
Qd7+ Kg6 44. Qe8+ Kf5 45. Qc8+ Kg6 46. Qxa6 h4 47. Qd3+ Kg7 48. a4 h3 49. Qd7+ Kg6 50. Qe8+ Kg7 51. Qe7+ Kg6 52. a5 Qg2 53. Qe8+ Kf5 54.
Qh5+ Ke6 55. a6 h2 56. Qe8+ Kf5 57. Qh5+ Kf4 58. Bd2+ Qxd2 59. Qh6+ Kf5 60. Qxd2 h1=Q 61. Qd3+ Ke6 62. a7 Qa8 63. Qa6+ Kd5 64. Qb6 e4 65. Qb8 Qc6 66. a8=Q e3 1-0

[Event "*** SCC Grand Prix: Titled Tuesday Blitz"]
[Site "Chess.com"]
[Date "2020.09.08"]
[Round "3"]
[White "Godzillator"]
[Black "blitis"]
[Result "0-1"]
[WhiteElo "2260"]
[BlackElo "2508"]
[TimeControl "180+1"]
[EndTime "10:30:44 PDT"]
[Termination "blitis won on time"]

1. d4 g6 2. c4 f5 3. h4 Nf6 4. h5 Nxh5 5. Rxh5 gxh5 6. e4 Bg7 7. Qxh5+ Kf8 8. Qxf5+ Kg8 9. Nf3 d6 10. Qh5 Nc6 11. Bh6 Bxh6 12. Qxh6 Qf8 13. Qe3 Bg4 14. Nc3 Bxf3 15. gxf3 e5 16. c5 Qf4 17. Bc4+ Kg7 18.
Qxf4 exf4 19. O-O-O Rhd8 20. Rg1+ Kh8 21. Nd5 dxc5 22. dxc5 Ne5 23. Bb3 Nd3+ 24. Kb1 Nxc5 25. Bc2 c6 26. Nf6 Rf8 27. e5 Rf7 28. Rh1 Rd8 29. Bxh7 Kg7 30. Bf5 Rh8 31. Rg1+ Kf8 32. Rd1 a5 33. a3 a4 34. Rc1 Nb3 35. Rd1 Re7 36. Nd7+ Ke8 37. e6 Kd8 38. Nb6+ Kc7 39. Nxa4 Rh5 40. Bg4 Rd5 41. Rh1 Kd6 42. Ka2 Nc5 43.
Nc3 Rd2 44. Rh8 Kc7 45. Kb1 Nxe6 46. Ne4 Rd1+ 47. Kc2 Rd4 48. Nf6 Nc5 49. b4 Rc4+ 50. Kd2 Nb3+ 51. Kd3 Rc1 52. Ne8+ Kb6 53. Nd6 Ree1 54.
Nc4+ Ka7 55. Nd2 Red1 56. Ke4 Rxd2 57. Kxf4 Rc3 58. Bf5 Nd4 59. Be4 Rxf2 60. Rh3 Nxf3 61. a4 Nd2+ 62. Ke5 Rxh3 63. Bd3 Rh5+ 0-1

[Event "*** SCC Grand Prix: Titled Tuesday Blitz"]
[Site "Chess.com"]
[Date "2020.09.08"]
[Round "3"]
[White "lider34"]
[Black "Misticpikachu"]
[Result "0-1"]
[WhiteElo "2397"]
[BlackElo "2269"]
[TimeControl "180+1"]
[EndTime "10:30:44 PDT"]
[Termination "Misticpikachu won by checkmate"]

1. e4 c5 2. c3 e6 3. d4 cxd4 4. cxd4 d5 5. exd5 exd5 6. Nf3 Nf6 7. Nc3 Nc6 8. Bb5 Be7 9. O-O O-O 10. h3 a6 11. Bxc6 bxc6 12. Ne5 Qc7 13. Re1 Bd6 14. Bg5 Nd7 15. Nxd7 Bxd7 16. Be7 Bxe7 17. Rxe7 Qd6 18. Re3 Rfe8 19. Qd2 Rxe3 20. fxe3 Re8 21. Qf2 Re6 22. Rf1 Rf6 23. Qe2 Rxf1+ 24. Qxf1 Qg3 25. Qf2 Qg6 26.
Kh2 h6 27. Na4 Bf5 28. Nc5 Be4 29. Nxa6 Qd6+ 30. Qf4 Qg6 31. Qg4 Qd6+ 32. Qg3 Qf6 33. Nc5 Qf1 34. Nxe4 dxe4 35. Qb8+ Kh7 36. Qf4 Qd3 37.
Qf5+ Kg8 38. Qf2 Qc4 39. b3 Qc3 40. Qe2 Qd3 41. Qf2 g5 42. g4 Kg7 43. Kg2 f6 44. b4 Qc4 45. Qb2 Qd3 46. Kf2 Qd1 47. Qe2 Qh1 48.
Kg3 Qg1+ 49. Qg2 Qxe3+ 50. Kh2 Qxd4 51. Qc2 Qd5 52. a4 e3 53. Kg3 Qd2 54. Qf5 e2 55. Qe6 e1=Q+ 56. Qxe1 Qxe1+ 57. Kf3 Qxb4 58. a5 Qa4 59. a6 Qxa6 60. h4 Qa5 61. Ke4 Qb4+ 62. Kf5 Qd4 63. hxg5 Qe5# 0-1

[Event "*** SCC Grand Prix: Titled Tuesday Blitz"]
[Site "Chess.com"]
[Date "2020.09.08"]
[Round "3"]
[White "chito89"]
[Black "ArjunErigaisi2003"]
[Result "1-0"]
[WhiteElo "2735"]
[BlackElo "3042"]
[TimeControl "180+1"]
[EndTime "10:30:45 PDT"]
[Termination "chito89 won by resignation"]

1. d4 Nf6 2. c4 e6 3. Nc3 Bb4 4. e3 b6 5. Ne2 c5 6. a3 Ba5 7.
Rb1 Qe7 8. Bd2 O-O 9. b4 cxb4 10. axb4 Bxb4 11. Rxb4 Qxb4 12. Nd5 Nxd5 13. Bxb4 Nxb4 14. Nc3 Bb7 15. Nb5 a5 16. Bd3 d5 17. cxd5 Nxd3+ 18. Qxd3 exd5 19. Kd2 Nc6 20. Nc7 Rad8 21. Qb5 Rd7 22. Qxb6 Rb8 23. Rb1 Bc8 24. Qxc6 Rxb1 25.
Nxd5 Rb2+ 26. Kc1 Rb8 27. Ne7+ Rxe7 28. Qd6 g6 29. Qxb8 Re8 30. Qa8 Bd7 31. Qxa5 Rc8+ 32.
Kd2 Bf5 33. Qa4 h5 34. f3 Be6 35. e4 Rc4 36. Qa8+ Kg7 37. d5 Bd7 38. Qb8 Kh7 39. Qd6 Be8 40. Qe7 Rc8 41. d6 Rb8 42. d7 Bxd7 43. Qxd7 Kg7 44. e5 Rb2+ 45. Kc3 Re2 46.
f4 h4 47. Kd3 Re1 48. Qe7 Kg8 49. Qxh4 Rd1+ 50. Ke2 Ra1 51. Qf6 Ra2+ 52. Kf3 Ra3+ 53. Kg4 Re3 54. g3 Re2 55. h4 Re1 56. h5 gxh5+ 57.
Kxh5 Rh1+ 58. Kg5 Rh7 59. Qd8+ Kg7 60. f5 Rh3 61. Qf6+ Kg8 62. g4 Rh8 63. Qxh8+ Kxh8 64. Kf6 Kg8 65. g5 1-0

[Event "*** SCC Grand Prix: Titled Tuesday Blitz"]
[Site "Chess.com"]
[Date "2020.09.08"]
[Round "3"]
[White "Olga_Girya"]
[Black "poppy73"]
[Result "1/2-1/2"]
[WhiteElo "2496"]
[BlackElo "2261"]
[TimeControl "180+1"]
[EndTime "10:30:46 PDT"]
[Termination "Game drawn - insufficient material"]

1. d4 Nf6 2. Nf3 g6 3. Bg5 Bg7 4. Nbd2 d6 5. c3 O-O 6. e4 h6 7. Bh4 Nbd7 8. Bc4 e5 9. O-O c6 10. Re1 Qc7 11. a4 Re8 12. Qc2 Nb6 13. Bf1 a5 14. Nc4 Nxc4 15. Bxc4 Be6 16. Bxe6 Rxe6 17. Rad1 exd4 18. Nxd4 Re7 19. f3 Rd7 20. Nb3 Re8 21. Re2 d5 22. Bg3 Qb6+ 23. Bf2 Qc7 24. Nc5 Rde7 25.
Rde1 dxe4 26. Nxe4 Nxe4 27. Rxe4 Rxe4 28. Rxe4 Rd8 29. Qe2 Qd7 30. g3 Qd1+ 31. Kg2 Qxe2 32. Rxe2 Bf6 33. Bb6 Rd5 34. c4 Rd3 35. Bxa5 Rb3 36.
Bc7 Rxb2 37. Rxb2 Bxb2 38. f4 Kf8 39. Kf3 Ke7 40. Ke4 Ke6 41. Bb6 f5+ 42. Kd3 Kd6 43. h3 c5 44. Bd8 Kc6 45. Be7 h5 46. Bf8 Bd4 47. Ke2 b6 48. Kf3 Kb7 49. g4 hxg4+ 50. hxg4 Ka6 51. gxf5 gxf5 52. Be7 Ka5 53. Bd8 Kxa4 54.
Bxb6 Kb4 55. Kg3 Kxc4 56. Kh4 Be3 57. Kg5 Kd5 58. Kxf5 Bxf4 59. Kxf4 c4 60. Ke3 c3 61. Kd3 c2 62. Kxc2 1/2-1/2

[Event "*** SCC Grand Prix: Titled Tuesday Blitz"]
[Site "Chess.com"]
[Date "2020.09.08"]
[Round "3"]
[White "Caterpiller35"]
[Black "Thee-Chessboy"]
[Result "1/2-1/2"]
[WhiteElo "2464"]
[BlackElo "2475"]
[TimeControl "180+1"]
[EndTime "10:30:47 PDT"]
[Termination "Game drawn - insufficient material"]

1. d4 Nf6 2. Bg5 g6 3. Bxf6 exf6 4.
e3 Bg7 5. c4 O-O 6. Nc3 f5 7.
g3 c5 8. Nge2 Nc6 9. dxc5 Ne5 10.
Bg2 Nxc4 11. b4 a5 12. a3 axb4 13. axb4 Rxa1 14. Qxa1 d6 15. Qa2 Be6 16. Bd5 Bxd5 17. Nxd5 Ne5 18. O-O dxc5 19. bxc5 Re8 20. Nef4 g5 21.
Nh5 Bh8 22. Rd1 Kf8 23. Qb3 Qc8 24. Nhf6 Bxf6 25. Nxf6 Nf3+ 26. Kg2 Qc6 27. Nxh7+ Kg7 28. Qd5 Kxh7 29. Kxf3 Re5 30. Qxc6 bxc6 31. Rc1 Kg6 32. h4 gxh4 33. gxh4 Kh5 34. Kf4 Rd5 35. f3 f6 36.
e4 fxe4 37. fxe4 Re5 38. Rc3 Kxh4 39. Rc1 Kh5 40. Rc2 Kg6 41. Rc1 Kf7 42. Rc2 Ke6 43.
Rc1 Kd7 44. Rd1+ Ke7 45. Rc1 Rh5 46. Rc2 Rh1 47. Rc3 Rf1+ 48. Ke3 Ke6 49. Rd3 Ke5 50.
Rd6 Re1+ 51. Kd2 Rxe4 52. Rxc6 f5 53. Rc8 Rc4 54. c6 Kd6 55. Rf8 Rc5 56. Rf6+ Kc7 57. Kd3 Re5 58. Kd4 Ra5 59. Ke3 Rc5 60. Kf4 Rxc6 61. Rxc6+ Kxc6 62. Kxf5 1/2-1/2

[Event "*** SCC Grand Prix: Titled Tuesday Blitz"]
[Site "Chess.com"]
[Date "2020.09.08"]
[Round "3"]
[White "ketster"]
[Black "fireheart92"]
[Result "0-1"]
[WhiteElo "2452"]
[BlackElo "2860"]
[TimeControl "180+1"]
[EndTime "10:30:48 PDT"]
[Termination "fireheart92 won by checkmate"]

1. d4 Nf6 2. c4 c5 3. d5 b5 4. Nd2 d6 5. e4 bxc4 6. Bxc4 g6 7.
b3 Bg7 8. Bb2 O-O 9. Ngf3 Bg4 10.
O-O Nbd7 11. Qc2 Nb6 12. Bd3 a5 13. a4 Rb8 14. h3 Bxf3 15. Nxf3 Qc7 16. Bc3 Ra8 17.
Nd2 Rfb8 18. Bb5 Qd8 19. Qb2 Qf8 20. f4 Nfd7 21. Bc6 Bxc3 22. Qxc3 Ra7 23. e5 Qg7 24. Rae1 c4 25. bxc4 Nc5 26. Qc2 Rc7 27. Rf3 Na6 28. Qe4 Nb4 29. Bb5 Rbc8 30. Rfe3 h5 31. Kh2 Qf8 32.
Qb1 Nd7 33. e6 Nc5 34. f5 fxe6 35. fxe6 Qh6 36. Rg3 Kh7 37. Nf3 Rf8 38. Ng5+ Kg7 39. Nf7 Qh7 40. Rf1 h4 41. Rg4 Nbd3 42. Qd1 Ne5 43.
Nxe5 dxe5 44. Qe2 Rxf1 45. Qxf1 Qg8 46. Qe2 e4 47. Qe3 Qf8 48. Qd4+ Qf6 49. Qe3 Qe5+ 50. g3 hxg3+ 51. Rxg3 Rc8 52. Qe2 Rf8 53. Qg4 Rf2+ 54. Kg1 Rf6 55. Rg2 Nd3 56. h4 e3 57. h5 Nf2 58.
Qg3 Qa1+ 59. Kh2 Qh1# 0-1

[Event "*** SCC Grand Prix: Titled Tuesday Blitz"]
[Site "Chess.com"]
[Date "2020.09.08"]
[Round "3"]
[White "TregubovP"]
[Black "tteshan"]
[Result "0-1"]
[WhiteElo "2584"]
[BlackElo "2413"]
[TimeControl "180+1"]
[EndTime "10:30:48 PDT"]
[Termination "tteshan won by resignation"]

1. e4 c5 2. Nf3 d6 3. c3 Nf6 4. Be2 g6 5. O-O Bg7 6. Bb5+ Bd7 7. Bxd7+ Qxd7 8. Re1 Nc6 9. d4 cxd4 10. cxd4 O-O 11. Nc3 Rac8 12. h3 a6 13. e5 dxe5 14. dxe5 Qxd1 15. Rxd1 Ne8 16. Bf4 Nc7 17. Rd7 Ne6 18. Bg3 Rc7 19. Rxc7 Nxc7 20. Rd1 Rd8 21. Rxd8+ Nxd8 22. Kf1 Kf8 23. Ke2 Ke8 24. Kd3 Kd7 25.
Ke4 Nc6 26. Ng5 h6 27. Nf3 Ne6 28. Ke3 Nc5 29. Ne4 Na4 30. b3 Nb6 31. Nc5+ Kc8 32. e6 fxe6 33. Nxe6 Bf6 34. h4 Nd5+ 35. Kd2 Nc3 36.
a4 Ne4+ 37. Kd3 Nxg3 38. fxg3 b6 39. Ke4 b5 40. g4 Na5 41. axb5 axb5 42. Nfd4 Bxd4 43.
Nxd4 Kd7 44. h5 gxh5 45. gxh5 Ke8 46. Kd5 Kf7 47. Kc5 Nxb3+ 48. Nxb3 Kf6 49. Kd5 Kg5 50. Ke5 Kxh5 51. Kf4 Kh4 52. Nd2 b4 53. Nf3+ Kh5 54. g4+ Kg6 55. Ne5+ Kf6 56. Nd3 b3 57. Nb2 e5+ 58.
Ke4 Kg5 59. Kxe5 Kxg4 60. Kd4 h5 61. Kc3 h4 62. Nd3 Kg3 63. Nc1 h3 64. Ne2+ Kf2 0-1

[Event "*** SCC Grand Prix: Titled Tuesday Blitz"]
[Site "Chess.com"]
[Date "2020.09.08"]
[Round "3"]
[White "bsnsun"]
[Black "davidkalashian"]
[Result "0-1"]
[WhiteElo "2395"]
[BlackElo "2601"]
[TimeControl "180+1"]
[EndTime "10:30:49 PDT"]
[Termination "davidkalashian won on time"]

1. e4 c5 2. Nf3 a6 3. d4 cxd4 4. Nxd4 Nf6 5. Nc3 e5 6. Nb3 Bb4 7. Bd2 Nc6 8. Bd3 O-O 9. O-O Bxc3 10. Bxc3 d5 11. exd5 Nxd5 12. Bd2 Qf6 13. Qh5 g6 14. Qh6 Nf4 15. Rfe1 Be6 16. Nc5 Bd5 17. Be4 Rad8 18. Bxd5 Rxd5 19. Ne4 Qf5 20. Ng5 Rfd8 21. Bxf4 Qxf4 22. Qxh7+ Kf8 23. Ne4 Nd4 24. Nc3 R5d7 25. Qh8+ Ke7 26. Qxe5+ Qxe5 27. Rxe5+ Kf6 28. Re4 Nxc2 29. Rc1 Rd2 30. h3 Kg7 31. Rf4 Nd4 32. Re1 Rd7 33. Ne4 Rxb2 34. Nc5 Rc7 35. Nd3 Ne2+ 36.
Kh2 Nxf4 37. Nxb2 Rc2 38. Na4 Nd3 39. Re3 Rxa2 40. Nb6 Nc5 41. Nc8 Ne6 42. Nd6 Rc2 43.
Rf3 a5 44. Rxf7+ Kg8 45. Rxb7 Rxf2 46. Kg3 Nf8 47. Ra7 Rd2 48. Ne4 Rd3+ 49. Kf4 Rd4 50. Ke5 Ra4 51. Nf6+ Kh8 52. Rf7 Ra1 53. Rxf8+ Kg7 54.
Ra8 Kf7 55. Ne4 Re1 56. Rxa5 Kg7 57. g4 Kh6 58. h4 Rh1 59. Ra7 Rxh4 0-1

[Event "*** SCC Grand Prix: Titled Tuesday Blitz"]
[Site "Chess.com"]
[Date "2020.09.08"]
[Round "3"]
[White "Quiet_Desperation"]
[Black "LedakovAlexandr"]
[Result "1-0"]
[WhiteElo "2008"]
[BlackElo "2448"]
[TimeControl "180+1"]
[EndTime "10:30:49 PDT"]
[Termination "Quiet_Desperation won by checkmate"]

1. e4 Nc6 2. Nf3 d6 3. d4 g6 4. Bb5 Bg7 5. Nc3 Bd7 6. O-O a6 7. Bc4 b5 8. Bb3 Na5 9. e5 Nxb3 10. axb3 Nh6 11. Bg5 f6 12. exf6 exf6 13. Re1+ Kf7 14. Bxh6 Bxh6 15. Qd3 Bf5 16. Qd1 Re8 17. Rxe8 Qxe8 18.
Nh4 Be4 19. Nxe4 Qxe4 20. Nf3 a5 21. c4 b4 22. d5 Bf4 23. Nd4 Be5 24. Ne6 Bxb2 25.
Rb1 Bc3 26. h4 Qxh4 27. Qe2 Re8 28. c5 Re7 29. cxd6 cxd6 30. Qb5 Qe4 31. Rd1 Rxe6 32. dxe6+ Qxe6 33. Qxa5 g5 34. Qc7+ Kg6 35. Qxd6 Qxb3 36. Qd3+ Kh6 37. g4 Qf7 38. Kg2 Kg7 39. Rh1 Qg6 40.
Qd7+ Kg8 41. Rd1 Qe4+ 42. f3 Qe2+ 43. Kh3 Qxf3+ 44. Kh2 Be5+ 45. Kg1 Qg3+ 46. Kf1 Qf3+ 47. Kg1 Qe3+ 48. Kf1 Qh3+ 49. Kg1 Qh2+ 50. Kf1 Qh1+ 51. Ke2 Qh2+ 52. Kf1 Qh1+ 53. Ke2 Qe4+ 54. Kf1 Qg6 55. Qe6+ Qf7 56. Rd8+ Kg7 57. Rd7 Qxd7 58. Qxd7+ Kg6 59. Qf5+ Kg7 60. Ke2 b3 61. Kd3 b2 62. Kc2 h6 63.
Kb1 Kf7 64. Qd7+ Kg6 65. Qd3+ Kg7 66. Qh3 Kg6 67. Qh5+ Kg7 68. Qh3 Kg6 69. Qf3 Kg7 70. Qd5 Kg6 71. Qg8# 1-0

[Event "*** SCC Grand Prix: Titled Tuesday Blitz"]
[Site "Chess.com"]
[Date "2020.09.08"]
[Round "3"]
[White "Gabrielian_Artur"]
[Black "daro94"]
[Result "1-0"]
[WhiteElo "2704"]
[BlackElo "2958"]
[TimeControl "180+1"]
[EndTime "10:30:51 PDT"]
[Termination "Gabrielian_Artur won on time"]

1. e4 c6 2. d4 d5 3. Nd2 dxe4 4.
Nxe4 Nf6 5. Nxf6+ exf6 6. c3 Bd6 7. Bd3 O-O 8. Qc2 h5 9. Ne2 Re8 10. O-O Nd7 11. Be3 h4 12. h3 Nf8 13. Rad1 Ne6 14. Rfe1 Bc7 15. Qd2 Qd6 16. Bf4 Nxf4 17. Qxf4 Be6 18. Qxd6 Bxd6 19. a3 Rad8 20. Kf1 g5 21.
Ng1 Kg7 22. Nf3 Bf4 23. Re2 Rh8 24. Rde1 Bd5 25. Ng1 Bd6 26. Re3 b5 27. Nf3 Bf4 28. Re7 g4 29. Ng1 g3 30. fxg3 Bxg3 31. R1e2 a5 32.
Nf3 a4 33. Nd2 Rh5 34. Be4 Bd6 35. Bxd5 Rxd5 36. R7e4 Bg3 37. Nf3 f5 38. Re7 c5 39.
R2e3 Kf6 40. Rb7 cxd4 41. Nxd4 Be5 42. Rb6+ R8d6 43. Rxd6+ Bxd6 44. Ke2 Bf4 45. Re8 Bc1 46. Rb8 Bxb2 47. Rb6+ Kg5 48. Nxb5 Re5+ 49. Kd3 Re1 50. Nd4 Bxa3 51. Nf3+ Kf4 52. Nxe1 Kg3 53. Ra6 Bb2 54. Rxa4 f4 55. Ra2 Bc1 56. Nf3 Be3 57. c4 f5 58.
Rc2 Bc5 59. Kc3 Bb6 60. Kb3 Bc5 61. Ka4 Bb6 62. Kb5 Bc5 63. Kc6 Bd4 64. Nxd4 f3 65. Nxf5+ 1-0

[Event "*** SCC Grand Prix: Titled Tuesday Blitz"]
[Site "Chess.com"]
[Date "2020.09.08"]
[Round "3"]
[White "Iskusnyh"]
[Black "Nara_Kh"]
[Result "0-1"]
[WhiteElo "2586"]
[BlackElo "2412"]
[TimeControl "180+1"]
[EndTime "10:30:51 PDT"]
[Termination "Nara_Kh won on time"]

1. d4 d5 2. c4 c6 3. Nf3 Nf6 4. e3 Bf5 5. Nc3 a6 6. Bd3 Bxd3 7.
Qxd3 e6 8. O-O Bb4 9. Bd2 O-O 10. Rad1 Bxc3 11. Bxc3 a5 12. b3 Nbd7 13. Qc2 b5 14. Nd2 Re8 15. e4 b4 16. Bb2 e5 17. exd5 exd4 18. Bxd4 cxd5 19. Qf5 dxc4 20. Nxc4 Qe7 21. h3 Ra6 22. Qb5 Re6 23. Qxa5 Ne4 24. Ne3 h6 25. Qb5 Ne5 26. Bxe5 Rxe5 27. Qb7 Rg5 28. Qxe7 Rxe7 29. Rd8+ Kh7 30. Rfd1 Nc3 31. R1d2 Ne4 32. R2d7 Rxd7 33.
Rxd7 Ra5 34. Rxf7 Rxa2 35. Rf4 Nd2 36. Rxb4 Ra1+ 37. Kh2 Rb1 38. Rb7 Rxb3 39. Rd7 Ne4 40. Nf5 Nf6 41. Rxg7+ Kh8 42. Rg6 Rb6 43. Rxh6+ Kg8 44.
Rg6+ Kf7 45. Rg3 Ke6 46. Nd4+ Kf7 47. Nf3 Rb4 48. Ne5+ Ke6 49. Re3 Kf5 50. Nf3 Ra4 51. g4+ Kg6 52. Kg2 Kf7 53. Nh4 Nd5 54. Rf3+ Ke6 55.
Nf5 Nf4+ 56. Kg3 Ne2+ 57. Kh2 Nf4 58. Re3+ Kf6 59. Ng3 Nd5 60. Ne4+ Kg6 61. Re2 Nf4 62. Re1 Ra2 63. Kg3 Nd3 64. Kf3 Ra3 0-1

[Event "*** SCC Grand Prix: Titled Tuesday Blitz"]
[Site "Chess.com"]
[Date "2020.09.08"]
[Round "3"]
[White "pavlitas17"]
[Black "AlexSuv"]
[Result "1-0"]
[WhiteElo "2371"]
[BlackElo "2534"]
[TimeControl "180+1"]
[EndTime "10:30:51 PDT"]
[Termination "pavlitas17 won by resignation"]

1. d4 Nf6 2. c4 e6 3. Nf3 d5 4. Nc3 Bb4 5. Qa4+ Nc6 6. e3 O-O 7. Bd2 dxc4 8. Bxc4 Bd6 9. Qc2 Qe7 10. O-O e5 11. d5 Na5 12. Be2 b6 13. a3 Bg4 14. h3 Bh5 15. Rfe1 Rac8 16. Nb5 a6 17. Na7 Ra8 18. Nc6 Nxc6 19. dxc6 e4 20. Nd4 Qe5 21. Bxh5 Qh2+ 22. Kf1 Nxh5 23. Qxe4 Rae8 24. Qf3 Nf4 25. g3 Qxh3+ 26. Kg1 Nd3 27. Reb1 Re5 28. Qg2 Qh5 29.
b4 Rg5 30. e4 Rg6 31. Nf5 Re6 32. Rb3 Ne5 33. Bf4 Rfe8 34. Nxd6 Rxd6 35. Rc1 Nd3 36. Rxd3 Rxd3 37. Bxc7 Rd1+ 38. Rxd1 Qxd1+ 39. Qf1 Qc2 40. Bxb6 Qxc6 41. Bc5 a5 42. f3 axb4 43. axb4 h6 44.
Qd3 Qg6 45. Kf2 Ra8 46. Qd5 Qa6 47. Ke3 Qa3+ 48. Qd3 Qa2 49. Kf4 Ra6 50. Qd8+ Kh7 51. e5 Qc4+ 52. Qd4 Qc1+ 53. Qe3 Qb2 54. Qe4+ Kg8 55.
Qd3 Rg6 56. g4 Qc1+ 57. Be3 Qb2 58. Qd4 Qb3 59. Bd2 Kh7 60. Be3 f6 61. e6 Qxe6 62.
Qe4 Qxe4+ 63. Kxe4 f5+ 64. gxf5 Rc6 65. b5 Rc2 66. b6 Rb2 67. Bd4 Kg8 68. Bxb2 1-0

[Event "*** SCC Grand Prix: Titled Tuesday Blitz"]
[Site "Chess.com"]
[Date "2020.09.08"]
[Round "3"]
[White "Ural_bogatyr"]
[Black "Anna_ChessMate"]
[Result "1-0"]
[WhiteElo "2349"]
[BlackElo "2519"]
[TimeControl "180+1"]
[EndTime "10:30:53 PDT"]
[Termination "Ural_bogatyr won by resignation"]

1. e4 c6 2. d4 d5 3. e5 Bf5 4. Ne2 e6 5. Ng3 Bg6 6. h4 h6 7. h5 Bh7 8. Bd3 Bxd3 9. cxd3 c5 10. dxc5 Bxc5 11. d4 Bb4+ 12. Nc3 Nc6 13. O-O Qb6 14.
Be3 Nge7 15. Qg4 Rg8 16. a3 Bxc3 17. bxc3 Qa6 18. Rab1 Na5 19. Bc1 Qd3 20. Rb4 Nec6 21. Rb2 Qxc3 22. Rd2 Nb3 23. Rdd1 Nxc1 24. Rxc1 Qxd4 25.
Qe2 g6 26. Rfd1 Qb6 27. hxg6 Rxg6 28. Nh5 Kf8 29. Nf6 Kg7 30. Rd3 Qb5 31. Nh5+ Kf8 32. Nf6 Nxe5 33. Qxe5 Qxd3 34. Nh7+ Kg8 35. Nf6+ Rxf6 36.
Qxf6 Qg6 37. Qb2 b6 38. Rc3 Kh7 39. Rg3 Rc8 40. Rxg6 Kxg6 41. a4 Rc5 42. Qd2 h5 43. Qd3+ Kf6 44. g3 Ke7 45. Qd4 Kd6 46. Qf4+ Kc6 47.
Qxf7 Rc4 48. Kg2 Kc5 49. Qf8+ Kd4 50. Qe8 e5 51. Qxh5 e4 52. Qd1+ Kc5 53. Qa1 a5 54.
g4 d4 55. g5 e3 56. g6 e2 57. g7 d3 58. Qe1 Rg4+ 59. Kf3 Rg6 60. Qc3+ Kd5 61. Qxd3+ Kc6 62. Qxg6+ 1-0